 Dungeon Sprint DCSS version 0.17-a0-1150-g17b0b87 (webtiles) character file.

9278 nuthulu the Peltast (level 11, -1/99 HPs)
             Began as a Minotaur Fighter on May 27, 2015.
             Was the Champion of Cheibriados.
             Slain by a mottled draconian
             ... wielding a +0 trident
              (2 damage)
             ... in the Dungeon (Sprint V: "Ziggurat Sprint").
             The game lasted 00:07:53 (830 turns).

nuthulu the Peltast (Minotaur Fighter)               Turns: 830, Time: 00:07:54

Health: -1/99      AC: 26    Str: 49    XL:     11   Next: 20%
Magic:  10/10      EV:  5    Int: 20    God:    Cheibriados [******]
Gold:   0          SH: 38    Dex: 28    Spells: 0 memorised, 10 levels left

rFire  x . .     SeeInvis .     L - +6 shillelagh "Devastator" {shatter}
rCold  + . .     Clarity  .     J - +15 Maxwell's patent armour {-Cast -Tele rElec MR+ rCorr}
rNeg   + . .     SustAt   .     K - +18 shield of the gong {rElec rN+ MR+ EV-5}
rPois  .         Gourm    .     (helmet restricted)
rElec  +         Spirit   .     (no cloak)
rCorr  +         Warding  .     Q - +2 pair of gloves {archery}
rMut   .         Stasis   +     (no boots)
MR     ++...     NoCast   +     O - amulet of stasis
Stlth  ..........               N - ring "Piyn" {Ice Str+7}
                                H - +6 ring of strength

@: liquid flames, corroded equipment, glowing, studying Unarmed Combat, very
slow, very resistant to hostile enchantments, extremely unstealthy
A: retaliatory headbutt, horns 2, blurry vision 1, deterioration 1, frail 1
a: Bend Time, Temporal Distortion, Slouch, Step From Time, Renounce Religion


You were in the Dungeon.
You worshipped Cheibriados.
Cheibriados was exalted by your worship.
You were not hungry.

You visited 1 branch

Inventory:

Hand weapons
 a - a +0 flail
 L - the +6 shillelagh "Devastator" (weapon) {shatter}
   (You found it in the Dungeon)
Armour
 b - a +0 scale mail
 c - a +0 shield
 J - the +15 Maxwell's patent armour (worn) {-Cast -Tele rElec MR+ rCorr}
   (You found it in the Dungeon)

   It insulates you from electricity.
   It affects your resistance to hostile enchantments.
   It prevents spellcasting.
   It prevents most forms of teleportation.
   It protects you from acid and corrosion.
 K - the +18 shield of the gong (worn) {rElec rN+ MR+ EV-5}
   (You found it in the Dungeon)

   It affects your evasion (-5).
   It insulates you from electricity.
   It protects you from negative energy.
   It affects your resistance to hostile enchantments.
 Q - a +2 pair of gloves of archery (worn)
Jewellery
 D - a +6 ring of dexterity
 E - a +6 ring of dexterity
 F - a +6 ring of intelligence
 G - a +6 ring of intelligence
 H - a +6 ring of strength (left hand)
 I - a +6 ring of strength
 M - an uncursed ring of protection from magic
 N - the ring "Piyn" (right hand) {Ice Str+7}
   (You found it in the Dungeon)

   [ring of ice]

   It enhances your ice magic, and weakens your fire magic.
   It affects your strength (+7).
   It makes you vulnerable to fire.
   It protects you from cold.
 O - an amulet of stasis (around neck)
 P - an uncursed ring of protection from fire
 R - the ring of Balance {+Fly rPois rF+}
   (You found it in the Dungeon)

   [ring of flight]

   It protects you from fire.
   It protects you from poison.
   It lets you fly.
 T - an uncursed ring of magical power
Magical devices
 y - a wand of disintegration (7)
 A - a wand of fire (5)
 B - a wand of cold (5)
 C - a wand of draining (5)
Scrolls
 k - 4 scrolls of blinking
 q - 4 scrolls of amnesia
 r - 3 scrolls of recharging
 s - 7 scrolls of fog
 t - a scroll of holy word
 u - 5 scrolls of identify
 v - 5 scrolls of remove curse
 w - 2 scrolls of fear
 S - a scroll of brand weapon
Potions
 d - 6 potions of might
 f - 10 potions of curing
 g - 6 potions of heal wounds
 h - 6 potions of haste
 i - 7 potions of magic
 j - 3 potions of berserk rage
 l - 2 potions of brilliance
 m - 2 potions of invisibility
 n - 4 potions of resistance
 p - 5 potions of agility
Books
 o - a manual of Unarmed Combat
Comestibles
 e - 5 bread rations
 x - 42 fruits
 z - 4 meat rations


   Skills:
 * Level 14.9 Fighting
 * Level 12.3 Maces & Flails
 * Level 16.2 Armour
 - Level 0.4 Dodging
 * Level 18.6 Shields
 * Level 10.3 Unarmed Combat


You had 10 spell levels left.
You didn't know any spells.

Dungeon Overview and Level Annotations

Branches:
Dungeon (1/1)

Altars:
Ashenzari
Cheibriados
Dithmenos
Elyvilon
Fedhas
Gozag
Kikubaaqudgha
Makhleb
Nemelex Xobeh
Okawaru
Qazlal
Ru
Sif Muna
Trog
Vehumet
Xom
Yredelemnul
Zin
The Shining One
Beogh
Jiyva
Lugonu


Innate Abilities, Weirdness & Mutations

You reflexively headbutt those who attack you in melee.
You have a pair of horns on your head.
Scrolls take you a little longer to read.
Your body sometimes deteriorates upon taking damage.
You are frail (-10% HP).


Message History

BOUMMMMG!
The yellow draconian spits acid at you. The splash of acid hits you!
The acid corrodes you!
The acid burns!
You resist.
* * * LOW HITPOINT WARNING * * *
Unknown command.
Unknown command.
Drink which item? (? for menu, Esc to quit)
You feel much better.
You are covered in liquid flames!
You block the red draconian's attack.
BOUMMMMG!
You block the red draconian's attack.
PTOANNNG!
The mottled draconian hits you with a hand axe!
* * * LOW HITPOINT WARNING * * *
The purple draconian breathes dispelling energy at you.
The bolt of dispelling energy hits you!
* * * LOW HITPOINT WARNING * * *
The mottled draconian hits you from afar with a trident.
You die...

▓▓▓▓▓▓▓▓▓▓▓▓▓▓▓▓▓▓▓
▓...8©8...▓...8©8...▓
▓..)?.?...▓..))|):..▓
▓..):})|..▓....[.)..▓
▓.........▓.........▓
▓.........▓....)....▓
▓....dd...▓...)))...▓
▓...ddd...▓...).)...▓
▓...d@q...▓.▓.....▓.▓
▓...ddd...▓....(....▓
▓....§....▓▓▓▓▓▓▓▓▓▓▓
▓▓▓▓▓▓▓▓▓▓▓


You could see 2 draconians, 2 draconians, 2 draconians, 2 draconians, a white
draconian and a white draconian annihilator.

Vanquished Creatures
  A deep elf death mage (D)
  2 deep elf knights (D)
  A large abomination (D)
  3 ugly things (D)
  A deep elf conjurer (D)
  A worldbinder (D)
  A mana viper (shapeshifter) (D)
  2 cyclopes (D)
  A spiny frog (shapeshifter) (D)
  A troll (D)
  A two-headed ogre (D)
  A boulder beetle (shapeshifter) (D)
  3 spriggans (D)
  A deep elf fighter (D)
  3 neqoxecs (D)
  3 fire elementals (D)
  A fire bat (shapeshifter) (D)
  2 deep elf magi (D)
  A steam dragon (shapeshifter) (D)
  2 wolves (D)
  A hell hound (D)
  2 black bears (D)
  An eye of draining (shapeshifter) (D)
  A big kobold (shapeshifter) (D)
  2 scorpions (D)
  A quasit (D)
  A crimson imp (D)
  4 orc priests (D)
  4 iron imps (D)
  4 white imps (D)
  An ufetubus (D)
  An adder skeleton (D)
  A bat skeleton (D)
  2 fungi (D)
58 creatures vanquished.

Vanquished Creatures (others)
  An unseen horror (shapeshifter) (D)
  2 fire vortices (D)
  A neqoxec (D)
  An eye of draining (shapeshifter) (D)
  A tengu (shapeshifter) (D)
  A killer bee (shapeshifter) (D)
7 creatures vanquished.

Grand Total: 65 creatures vanquished

Notes
Turn   | Place    | Note
--------------------------------------------------------------
     0 | D        | nuthulu the Minotaur Fighter began the quest for the Orb.
     0 | D        | Reached XP level 1. HP: 19/19 MP: 0/0
     0 | D        | Found a roughly hewn altar of Beogh.
     0 | D        | Found a corrupted altar of Lugonu.
     0 | D        | Found a viscous altar of Jiyva.
     0 | D        | Found a white marble altar of Elyvilon.
     0 | D        | Found a sparkling altar of Nemelex Xobeh.
     0 | D        | Found a burning altar of Makhleb.
     0 | D        | Found an iron altar of Okawaru.
     0 | D        | Found a deep blue altar of Sif Muna.
     0 | D        | Found a radiant altar of Vehumet.
     0 | D        | Found a bloodstained altar of Trog.
     0 | D        | Found a shimmering altar of Xom.
    52 | D        | Became a worshipper of Cheibriados the Contemplative
    56 | D        | Reached skill level 5 in Fighting
    56 | D        | Reached skill level 5 in Maces & Flails
    56 | D        | Reached skill level 5 in Armour
    56 | D        | Reached skill level 5 in Shields
    56 | D        | Reached XP level 2. HP: 23/30 MP: 1/1
   125 | D        | Entered arena 1.
   125 | D        | Noticed a scorpion
   125 | D        | Noticed a scorpion
   128 | D        | Killed a scorpion
   128 | D        | Reached skill level 6 in Fighting
   128 | D        | Reached XP level 3. HP: 36/38 MP: 2/2
   130 | D        | Killed a scorpion
   130 | D        | Reached skill level 7 in Fighting
   130 | D        | Reached XP level 4. HP: 43/47 MP: 3/3
   137 | D        | Entered arena 2.
   137 | D        | Noticed a hell hound
   138 | D        | Acquired Cheibriados's first power
   142 | D        | Killed a hell hound
   142 | D        | Reached skill level 8 in Fighting
   142 | D        | Reached XP level 5. HP: 51/56 MP: 4/4
   173 | D        | Entered arena 3.
   173 | D        | Noticed a swamp drake
   173 | D        | Noticed a steam dragon
   173 | D        | Noticed a killer bee
   173 | D        | Noticed a wolf
   174 | D        | Killed a killer bee
   174 | D        | Reached skill level 9 in Fighting
   174 | D        | Reached XP level 6. HP: 61/63 MP: 5/5
   176 | D        | a wolf changed into a tengu
   179 | D        | a swamp drake changed into a boggart
   183 | D        | Noticed a fire bat
   183 | D        | a boggart changed into a fire bat
   187 | D        | Killed a fire bat
   187 | D        | Acquired Cheibriados's second power
   187 | D        | Reached skill level 10 in Fighting
   187 | D        | Reached skill level 10 in Armour
   187 | D        | Reached skill level 10 in Shields
   188 | D        | Killed a steam dragon
   188 | D        | Reached XP level 7. HP: 63/73 MP: 6/6
   229 | D        | Entered arena 4.
   229 | D        | Noticed a two-headed ogre
   229 | D        | Noticed a troll
   229 | D        | Noticed a cyclops
   229 | D        | Noticed a cyclops
   232 | D        | Killed a troll
   232 | D        | Reached skill level 11 in Fighting
   232 | D        | Killed a two-headed ogre
   232 | D        | Acquired Cheibriados's third power
   233 | D        | Killed a cyclops
   233 | D        | Reached skill level 12 in Fighting
   233 | D        | Reached XP level 8. HP: 76/83 MP: 7/7
   236 | D        | Killed a cyclops
   236 | D        | Reached skill level 13 in Armour
   275 | D        | Entered arena 5.
   275 | D        | Noticed a fire elemental
   275 | D        | Noticed a fire elemental
   275 | D        | Noticed a fire elemental
   275 | D        | Noticed a fire vortex
   275 | D        | Noticed a fire vortex
   280 | D        | Killed a fire elemental
   284 | D        | Killed a fire elemental
   284 | D        | Acquired Cheibriados's fourth power
   286 | D        | Killed a fire vortex
   287 | D        | Killed a fire elemental
   287 | D        | Reached XP level 9. HP: 54/93 MP: 8/8
   287 | D        | Killed a fire vortex
   553 | D        | Entered arena 6.
   553 | D        | Noticed a neqoxec
   553 | D        | Noticed a two-headed ogre
   553 | D        | Noticed a white ugly thing
   553 | D        | Noticed a yaktaur
   553 | D        | Noticed a neqoxec
   553 | D        | Noticed a neqoxec
   553 | D        | Noticed a black mamba
   553 | D        | a two-headed ogre changed into a black mamba
   554 | D        | Noticed a mana viper
   554 | D        | a yaktaur changed into a mana viper
   557 | D        | a black mamba changed into an eye of draining
   558 | D        | Killed a mana viper
   563 | D        | Gained mutation: You are frail (-10% HP). [a neqoxec]
   564 | D        | Gained mutation: Scrolls take you a little longer to read. [a neqoxec]
   565 | D        | Killed a white ugly thing
   565 | D        | Reached skill level 14 in Armour
   566 | D        | Gained mutation: Your body sometimes deteriorates upon taking damage. [a neqoxec]
   567 | D        | Killed a neqoxec
   567 | D        | Reached skill level 10 in Maces & Flails
   569 | D        | Killed a neqoxec
   571 | D        | Killed a neqoxec
   580 | D        | Got the ring "Piyn" {Ice Str+7}
   630 | D        | Entered arena 7.
   630 | D        | Noticed a large abomination
   630 | D        | Noticed an iron imp
   630 | D        | Noticed an iron imp
   630 | D        | Noticed a worldbinder
   630 | D        | Noticed a crimson imp
   634 | D        | Killed an iron imp
   635 | D        | Killed an iron imp
   637 | D        | Killed a large abomination
   637 | D        | Reached skill level 15 in Shields
   637 | D        | Reached skill level 5 in Unarmed Combat
   637 | D        | Reached XP level 10. HP: 86/92 MP: 9/9
   642 | D        | Killed a worldbinder
   647 | D        | Killed a crimson imp
   659 | D        | Entered arena 8.
   659 | D        | Noticed a black bear
   659 | D        | Noticed a spriggan
   659 | D        | Noticed a spriggan
   659 | D        | Noticed a wolf
   659 | D        | Noticed a wolf
   659 | D        | Noticed a spriggan
   659 | D        | Noticed a black bear
   663 | D        | Killed a spriggan
   663 | D        | Killed a black bear
   663 | D        | Reached skill level 15 in Armour
   663 | D        | Killed a spriggan
   663 | D        | Killed a spriggan
   663 | D        | Reached skill level 16 in Shields
   663 | D        | Killed a wolf
   663 | D        | Killed a black bear
   665 | D        | Killed a wolf
   684 | D        | Entered arena 9.
   684 | D        | Noticed a spiny frog
   684 | D        | Noticed a two-headed ogre
   684 | D        | Noticed an eye of draining
   684 | D        | Noticed a red ugly thing
   684 | D        | Noticed a neqoxec
   684 | D        | Noticed a red ugly thing
   684 | D        | Noticed an octopode
   684 | D        | Noticed a trapdoor spider
   684 | D        | a trapdoor spider changed into a boulder beetle
   686 | D        | an octopode changed into a spriggan
   687 | D        | a two-headed ogre changed into a big kobold
   687 | D        | Killed an eye of draining
   688 | D        | Killed a red ugly thing
   688 | D        | Killed an unseen horror
   689 | D        | Killed a red ugly thing
   689 | D        | Killed a neqoxec
   691 | D        | Killed a spiny frog
   691 | D        | Reached skill level 17 in Shields
   704 | D        | Got the ring of Balance {+Fly rPois rF+}
   712 | D        | Entered arena 10.
   712 | D        | Noticed a deep elf mage
   712 | D        | Noticed a deep elf knight
   712 | D        | Noticed a deep elf conjurer
   712 | D        | Noticed a deep elf fighter
   712 | D        | Noticed a deep elf knight
   712 | D        | Noticed a deep elf death mage
   712 | D        | Noticed a deep elf mage
   716 | D        | Killed a deep elf death mage
   716 | D        | Killed a deep elf conjurer
   716 | D        | Reached XP level 11. HP: 78/99 MP: 4/10
   717 | D        | Killed a deep elf knight
   717 | D        | Reached skill level 18 in Shields
   718 | D        | Killed a deep elf knight
   718 | D        | Reached skill level 10 in Unarmed Combat
   718 | D        | Killed a deep elf mage
   719 | D        | Killed a deep elf fighter
   719 | D        | Killed a deep elf mage
   816 | D        | Entered arena 11.
   816 | D        | Noticed a yellow draconian
   816 | D        | Noticed a mottled draconian
   816 | D        | Noticed a yellow draconian
   816 | D        | Noticed a red draconian
   816 | D        | Noticed a mottled draconian
   816 | D        | Noticed a white draconian
   816 | D        | Noticed a white draconian annihilator
   817 | D        | Noticed a purple draconian
   817 | D        | Noticed a purple draconian
   818 | D        | Noticed a red draconian
   830 | D        | HP: 1/99 [purple draconian/bolt of dispelling energy (26)]
   830 | D        | Slain by a mottled draconian

Vault maps used:
D:        sprint_v

Action                   |  1- 3 |  4- 6 |  7- 9 | 10-12 || total
-------------------------+-------+-------+-------+-------++-------
Melee: Shillelagh        |     5 |    14 |    39 |    39 ||    97
  Use: Potion            |     1 |       |       |     4 ||     5
 Stab: Confused          |       |     1 |       |       ||     1
